 Dungeon Crawl Stone Soup version 0.20-a0-1114-g33edf32 (webtiles) character file.

65732 grindst0ne the Fighter (level 14, -2/181 HPs)
             Began as a Demonspawn Gladiator on May 6, 2017.
             Was a Believer of Uskayaw.
             Slain by an orc warrior
             ... wielding a +0 halberd
             ... led by an orc knight
              (14 damage)
             ... on level 1 of the Orcish Mines.
             The game lasted 01:39:41 (23359 turns).

grindst0ne the Fighter (Demonspawn Gladiator)      Turns: 23359, Time: 01:39:42

Health: -2/181     AC: 33    Str: 23    XL:     14   Next: 76%
Magic:  0/31       EV:  2    Int:  9    God:    Uskayaw [**....]
Gold:   1831       SH:  0    Dex: 19    Spells: 13/13 levels left

rFire    + . .     SeeInvis .   G - +8 spear of the Silent Majority {freeze, *Rage MP+9 Str+3 Dex+4}
rCold    . . .     Gourm    .   (no shield)
rNeg     + + +     Faith    .   (armour currently unavailable)
rPois    +         Spirit   +   (helmet unavailable)
rElec    .         Reflect  .   (cloak currently unavailable)
rCorr    .         Harm     .   (gloves currently unavailable)
MR       +++..     Rnd*Rage +   (boots currently unavailable) Stlth ++........NoTele +
                                K - amulet of regeneration
Regen    0.8/turn               C - ring of protection from fire
MPRegen  0.5/turn               B - +6 ring of protection

@: tree-form, very slightly contaminated, very heavily drained
A: demonic guardian 1, high mp 1, magic resistance 2, magic shield, magic
regeneration
a: Stomp, Line Pass, Renounce Religion


You were on level 1 of the Orcish Mines.
You worshipped Uskayaw.
Uskayaw was noncommittal.
You were not hungry.
You were a tree.
You visited 3 branches of the dungeon, and saw 21 of its levels.
You also visited: Ice Cave.

You collected 1963 gold pieces.
You spent 132 gold pieces at shops.

Inventory:

Hand Weapons
 g - a +0 blowgun
 G - the +8 spear of the Silent Majority (weapon) {freeze, *Rage MP+9 Str+3 Dex+4}
   (You found it on level 6 of the Dungeon)

   It has been specially enchanted to freeze those struck by it, causing extra
   injury to most foes and up to half again as much damage against particularly
   susceptible opponents.
   It can also slow down cold-blooded creatures.
   It affects your strength (+3).
   It affects your dexterity (+4).
   It affects your magic capacity (+9).
   It may make you go berserk in combat.
 Y - a +4 scimitar of flaming
Missiles
 d - 4 throwing nets (quivered)
 v - 6 javelins
Armour
 a - a +1 scale mail of cold resistance
 b - a +0 pair of gloves (melded)
 c - a +1 leather armour of fire resistance
 h - a +2 plate armour
 l - a +1 pair of boots (melded)
 I - the +4 chain mail "Ruahas" (melded) {MR+ rCorr Str+4 Dex-2}
   (You found it on level 11 of the Dungeon)

   It affects your strength (+4).
   It affects your dexterity (-2).
   It affects your resistance to hostile enchantments.
   It protects you from acid and corrosion.
 P - a +2 cloak of invisibility (melded)
Jewellery
 p - an uncursed ring of protection from cold {unknown}
 B - a +6 ring of protection (right branch)
 C - a ring of protection from fire (left branch)
 H - an uncursed ring of resist corrosion
 K - an amulet of regeneration (around neck)
 M - an uncursed ring of ice
 V - an uncursed ring of protection from fire
Wands
 j - a wand of paralysis (6/24)
 n - a wand of digging (14/24)
 E - a wand of lightning (2/15)
 R - a wand of polymorph (16/24)
 T - a wand of digging (20/24)
Scrolls
 o - 2 scrolls of fear
 u - 5 scrolls of identify
 z - 10 scrolls of remove curse
 A - 3 scrolls of fog
 F - 3 scrolls of enchant weapon
 X - 2 scrolls of teleportation
Potions
 e - 6 potions of brilliance
 i - a potion of invisibility {unknown}
 m - 5 potions of curing
 q - 3 potions of magic
 r - 2 potions of haste
 s - 4 potions of flight
 t - 3 potions of might
 D - 2 potions of agility
 N - a potion of lignification
 Q - 2 potions of berserk rage
 Z - 2 potions of experience {unknown}
Miscellaneous
 L - a phial of floods
Comestibles
 f - 7 bread rations
 k - 9 meat rations
 w - 28 royal jellies
 x - 5 chunks of flesh


   Skills:
 - Level 14.4(9.1) Fighting
 + Level 6.0(3.2) Polearms
   Level 7.5(3.9) Staves
 - Level 1.7(0.0) Throwing
 - Level 9.2(4.5) Armour
 - Level 13.3(8.1) Dodging
 - Level 0.4(0.0) Stealth
 * Level 9.0(4.3) Evocations


You had 13 spell levels left.
You didn't know any spells.

Dungeon Overview and Level Annotations

Branches:
Dungeon (13/15)            Temple (0/1) D:7            Lair (6/6) D:9
 Shoals (0/4) Lair:3       Spider (0/4) Lair:2        Slime (0/5) Lair:5
    Orc (2/2) D:10            Elf (0/3) Orc:2
 Vaults: D:13-14

Altars:
Fedhas
Uskayaw
Vehumet

Shops:
D:5 %}!%   D:7 (   D:9 %

Annotations:
Lair:1 exclusion: 2 oklob plants
Lair:2 exclusion: oklob plant


Innate Abilities, Weirdness & Mutations

((You have a pair of large antennae on your head. (SInv)))
((You are completely covered in large bone plates. (SH +8)))
A weak demonic guardian rushes to your aid.
When hurt, damage is shared between your health and your magic reserves.
You regenerate magic rapidly.
((You have sharp toenails.))
You have an increased reservoir of magic. (+10% MP)
You are highly resistant to hostile enchantments. (MR++)


Message History

Your quasit claws the orc warrior but does no damage.
Your quasit barely misses the orc warrior.
You hit the orc warrior. You freeze the orc warrior.
The orc warrior is lightly wounded.
Your quasit barely misses the orc warrior.
Your quasit claws the orc warrior but does no damage.
Your quasit barely misses the orc warrior.
The orc warrior hits you with a halberd!
* * * LOW HITPOINT WARNING * * *
You hit the orc warrior but do no damage.
The orc warrior is lightly wounded.
Your quasit barely misses the orc warrior.
Your quasit claws the orc warrior but does no damage. x2
The orc warrior hits you but does no damage.
You feel better.
Your quasit barely misses the orc warrior.
Your quasit claws the orc warrior but does no damage.
Your quasit closely misses the orc warrior.
The orc warrior hits you with a halberd!
You die...

### ##..###......###
##.###....##..#.....##
##...###...#...##.....#
##.#.#.###.#....#.....##
#.......#...........####
##.....###......#..###>##
#######.#.#.##[......#.......#
.#.##....#....[...#........^.#
.........##.##)o♣(....#.#....#
..........###.5).....#####...#
...#.<......(.......[##.###.##
....#...........)>...[...####
...###...#.......)..[)#.##
.####................[#)####
.# ##......................##
.###....(.............#.....#
.#.##.....#.....#.##...#...##


You could see an orc warrior and a friendly quasit.

Vanquished Creatures
  Rupert (Orc:1)
  A frost giant (IceCv)
  Snorg (D:11)
  Josephine (D:11)
  Fannar (Lair:1)
  The ghost of Monsterracer the Severer, a journeyman HOFi of Uskayaw (Lair:1)
  4 hydras
  A catoblepas (Lair:6)
  Harold (Lair:2)
  Erica (Lair:1)
  2 two-headed ogres
  A deep troll shaman (Lair:6)
  5 death yaks (Lair:6)
  Sonja (D:11)
  A deep elf knight (D:12)
  The ghost of teron the Fighter, a novice MiAK of Lugonu (D:9)
  An unseen horror (D:11)
  An orc knight (Orc:1)
  A wolf spider zombie (D:13)
  2 ugly things
  2 cyclopes
  2 elephants (Lair:6)
  2 black mambas
  Joseph (D:9)
  2 ice statues (IceCv)
  Psyche (D:11)
  9 spiny frogs
  A torpor snail (Lair:4)
  A rime drake (Lair:3)
  2 efreet (D:13)
  The ghost of Paps the Covered, a novice GrFi (D:4)
  8 komodo dragons
  2 jumping spiders (Lair:2)
  A queen bee (Lair:1)
  21 polar bears
  8 trolls
  A hornet (shapeshifter) (D:13)
  8 dream sheep (Lair:4)
  11 blink frogs
  12 hippogriffs
  A redback (Lair:2)
  43 yaks
  4 basilisks
  7 wraiths
  A wyvern (Lair:6)
  Grum (Lair:1)
  2 soldier ants
  A warg (Orc:1)
  17 water moccasins
  10 porcupines
  18 orc warriors
  A swamp drake (D:10)
  5 ice beasts
  3 sky beasts
  5 ogres
  2 eyes of draining
  7 black bears
  A necrophage (D:12)
  8 centaurs
  A phantom (D:4)
  24 wolves
  13 crocodiles
  9 bullfrogs
  10 scorpions
  28 killer bees
  3 wights (D:12)
  An electric eel (Lair:1)
  5 howler monkeys
  A quasit (D:10)
  4 crimson imps
  14 orc priests
  7 jellies
  A bullfrog skeleton (D:10)
  8 hounds
  13 orc wizards
  4 iguanas
  14 worker ants
  7 hell rats (Lair:3)
  A killer bee zombie (D:10)
  2 hound skeletons
  Robin (D:3)
  2 worker ant zombies (D:5)
  10 adders
  13 gnolls
  5 shadow imps
  12 white imps (Lair:2)
  6 oozes
  An adder zombie (D:6)
  An adder skeleton (D:7)
  4 worms
  5 leopard geckos
  85 orcs
  A ball python (D:2)
  8 giant cockroaches
  4 hobgoblins
  7 jackals (D:3)
  6 quokkas
  14 bats
  7 frilled lizards
  21 goblins
  9 kobolds
  9 rats
  A plant (Lair:3)
664 creatures vanquished.

Vanquished Creatures (collateral kills)
  A manticore (D:11)
  An elephant (Lair:6)
  4 spiny frogs
  A centaur skeleton (D:11)
  A komodo dragon (Lair:2)
  A yak (Lair:5)
  A black bear (Lair:2)
  A phantom (D:4)
  2 sky beasts
  3 ogres
  A wolf (IceCv)
  2 centaurs
  A gnoll sergeant (D:6)
  A scorpion (D:4)
  4 killer bees
  2 hounds (D:4)
  2 orc priests (D:3)
  A worker ant (D:12)
  3 gnolls
  An ooze (D:8)
  3 leopard geckos (D:4)
  6 orcs
  A kobold (D:2)
  A frilled lizard (D:4)
45 creatures vanquished.

Vanquished Creatures (others)
  A blink frog (Lair:5)
  A polar bear (IceCv)
  A crocodile (Lair:5)
  9 fungi
  5 plants
17 creatures vanquished.

Grand Total: 726 creatures vanquished

Notes
Turn   | Place    | Note
-------+----------+-------------------------------------------
     0 | D:1      | grindst0ne the Demonspawn Gladiator began the quest for the Orb.
     0 | D:1      | Reached XP level 1. HP: 16/16 MP: 1/1
   187 | D:1      | Gained mutation: When hurt, damage is shared between your health and your magic reserves. [demonic ancestry]
   187 | D:1      | Reached XP level 2. HP: 21/22 MP: 2/2
   980 | D:1      | Gained mutation: You are partially covered in large bone plates. (SH +4) [demonic ancestry]
   980 | D:1      | Reached XP level 3. HP: 27/28 MP: 3/3
  1558 | D:2      | Gained mutation: A weak demonic guardian rushes to your aid. [demonic ancestry]
  1558 | D:2      | Reached XP level 4. HP: 34/34 MP: 4/4
  1565 | D:2      | Reached skill level 1 in Armour
  2889 | D:3      | Reached XP level 5. HP: 36/40 MP: 5/5
  2895 | D:3      | Reached skill level 3 in Fighting
  3199 | D:3      | Noticed Robin
  3214 | D:3      | Killed Robin
  3600 | D:4      | Noticed Paps's ghost (novice GrFi)
  3916 | D:4      | Noticed a phantom
  3952 | D:4      | Killed a phantom
  3952 | D:4      | Gained mutation: You have a pair of small antennae on your head. [demonic ancestry]
  3952 | D:4      | Reached XP level 6. HP: 33/48 MP: 3/6
  4018 | D:4      | Reached skill level 4 in Fighting
  4590 | D:4      | Killed Paps's ghost
  4590 | D:4      | Reached skill level 5 in Staves
  4590 | D:4      | Gained mutation: You are mostly covered in large bone plates. (SH +6) [demonic ancestry]
  4590 | D:4      | Reached XP level 7. HP: 37/55 MP: 5/7
  4833 | D:4      | Reached skill level 5 in Fighting
  5734 | D:4      | Reached skill level 6 in Fighting
  6488 | D:5      | Entered Level 5 of the Dungeon
  6771 | D:5      | Gained mutation: You have a pair of antennae on your head. [demonic ancestry]
  6771 | D:5      | Reached XP level 8. HP: 38/65 MP: 6/8
  6780 | D:5      | Gained mutation: You are covered in fur. (AC +1) [mutagenic meat]
  6781 | D:5      | Gained mutation: You tend to lose your temper in combat. [mutagenic meat]
  6783 | D:5      | Gained mutation: Your magical capacity is low. (-10% MP) [mutagenic meat]
  6784 | D:5      | Gained mutation: You can translocate small distances at will. [mutagenic meat]
  6785 | D:5      | Lost mutation: You are covered in fur. (AC +1) [mutagenic meat]
  6955 | D:5      | Found Becotsa's Food Boutique.
  7106 | D:5      | Found Laniesi's Gadget Boutique.
  7126 | D:5      | Found Soadakhe's Distillery.
  7138 | D:5      | Found Yngy's Food Shop.
  7407 | D:5      | Bought a potion of mutation for 88 gold pieces
  7407 | D:5      | Bought a potion of might for 44 gold pieces
  7407 | D:5      | Lost mutation: Your magical capacity is low. (-10% MP) [potion of mutation]
  7407 | D:5      | Lost mutation: You tend to lose your temper in combat. [potion of mutation]
  7407 | D:5      | Lost mutation: You can translocate small distances at will. [potion of mutation]
  7407 | D:5      | Gained mutation: You are completely covered in large bone plates. (SH +8) [potion of mutation]
  7407 | D:5      | Gained mutation: You evolve. [potion of mutation]
  7407 | D:5      | Gained mutation: You have an increased reservoir of magic. (+10% MP) [potion of mutation]
  7558 | D:6      | Reached skill level 7 in Fighting
  7974 | D:6      | Got a crystal spear
  7975 | D:6      | Identified the +8 spear of the Silent Majority {freeze, *Rage MP+9 Str+3 Dex+4} (You found it on level 6 of the Dungeon)
  8073 | D:6      | Found a hide-covered altar of Uskayaw.
  8082 | D:6      | Became a worshipper of Uskayaw the Reveler
  8128 | D:7      | Reached * piety under Uskayaw
  8130 | D:7      | Reached skill level 1 in Polearms
  8130 | D:7      | Reached ** piety under Uskayaw
  8157 | D:7      | Found a staircase to the Ecumenical Temple.
  8235 | D:7      | Reached *** piety under Uskayaw
  8254 | D:7      | Gained mutation: You regenerate magic rapidly. [demonic ancestry]
  8254 | D:7      | Reached XP level 9. HP: 62/74 MP: 9/9
  8259 | D:7      | Reached **** piety under Uskayaw
  8465 | D:7      | Reached skill level 8 in Fighting
  8603 | D:7      | Found Xeaki's Antique Weapon Boutique.
  8742 | D:8      | Reached skill level 5 in Polearms
  9004 | D:8      | Reached ***** piety under Uskayaw
  9043 | D:8      | Found a radiant altar of Vehumet.
  9084 | D:8      | Reached skill level 9 in Fighting
  9175 | D:8      | Gained mutation: You are resistant to hostile enchantments. (MR+) [mutagenic meat]
  9176 | D:8      | Gained mutation: You have sharp toenails. [mutagenic meat]
  9505 | D:9      | Noticed a two-headed ogre
  9520 | D:9      | Killed a two-headed ogre
  9520 | D:9      | Reached XP level 10. HP: 70/83 MP: 11/11
  9673 | D:9      | Noticed teron's ghost (novice MiAK)
  9699 | D:9      | Killed teron's ghost
  9699 | D:9      | Reached skill level 5 in Dodging
  9744 | D:9      | Noticed Joseph
  9765 | D:9      | Reached skill level 10 in Fighting
  9769 | D:9      | Killed Joseph
  9837 | D:9      | Found a staircase to the Lair.
  9841 | D:9      | Reached skill level 5 in Armour
 10350 | D:9      | Found Nawk's Food Shop.
 10476 | D:10     | Entered Level 10 of the Dungeon
 10553 | D:10     | Lost mutation: You evolve. [evolution]
 10564 | D:10     | Reached XP level 11. HP: 80/92 MP: 12/12
 10950 | D:10     | Found a staircase to the Orcish Mines.
 10987 | D:10     | Reached skill level 11 in Fighting
 11500 | Lair:1   | Entered Level 1 of the Lair of Beasts
 11500 | Lair:1   | Noticed Monsterracer's ghost (journeyman HOFi)
 11529 | Lair:1   | Killed Monsterracer's ghost
 11638 | Lair:1   | Noticed Erica
 11640 | Lair:1   | Noticed Fannar
 11652 | Lair:1   | Killed Erica
 11665 | Lair:1   | Killed Fannar
 11766 | Lair:1   | Noticed Grum
 11779 | Lair:1   | Killed Grum
 11971 | Lair:1   | Got a smoking robe
 11982 | Lair:1   | Identified the cursed +1 robe of Lacom {rF+ Regen+} (You found it on level 1 of the Lair of Beasts)
 12048 | Lair:1   | Gained mutation: You are highly resistant to hostile enchantments. (MR++) [mutagenic meat]
 12648 | Lair:1   | Reached skill level 12 in Fighting
 12654 | Lair:1   | Gained mutation: You have a pair of large antennae on your head. (SInv) [demonic ancestry]
 12654 | Lair:1   | Reached XP level 12. HP: 96/102 MP: 13/13
 13122 | Lair:2   | Found a blossoming altar of Fedhas.
 13251 | Lair:2   | Found a frozen archway.
 13300 | IceCv    | Entered an ice cave
 14213 | IceCv    | Noticed a frost giant
 14298 | IceCv    | Killed a frost giant
 14586 | Lair:2   | Reached skill level 1 in Evocations
 14605 | Lair:2   | Found a hole to the Spider Nest.
 14626 | Lair:2   | Reached skill level 10 in Dodging
 14636 | Lair:2   | Reached skill level 13 in Fighting
 14794 | Lair:2   | Noticed Harold
 14812 | Lair:2   | Killed Harold
 14869 | Lair:2   | Got an ichor-stained long sword
 14870 | Lair:2   | Identified the cursed +2 long sword "Ryt Gysh" {antimagic, rC+} (You found it on level 2 of the Lair of Beasts)
 15448 | Lair:3   | Reached XP level 13. HP: 108/111 MP: 16/16
 15680 | Lair:3   | Found a staircase to the Shoals.
 17314 | Lair:5   | Found a staircase to the Slime Pits.
 18106 | Lair:6   | Entered Level 6 of the Lair of Beasts
 18239 | Lair:5   | Reached skill level 5 in Evocations
 18565 | Lair:6   | Identified a scroll of acquirement
 19239 | Lair:6   | Reached skill level 14 in Fighting
 19240 | Lair:6   | Reached XP level 14. HP: 96/120 MP: 13/20
 19813 | D:11     | Noticed Sonja
 19835 | D:11     | Killed Sonja
 20243 | D:11     | Noticed Psyche
 20251 | D:11     | Killed Psyche
 20359 | D:11     | Noticed Josephine
 20382 | D:11     | Killed Josephine
 20884 | D:11     | Got a distressingly furry chain mail
 20895 | D:11     | Identified the +4 chain mail "Ruahas" {MR+ rCorr Str+4 Dex-2} (You found it on level 11 of the Dungeon)
 20896 | D:11     | Noticed Snorg
 20918 | D:11     | Killed Snorg
 21735 | D:13     | Paralysed by a hornet for 3 turns
 22456 | Orc:1    | Entered Level 1 of the Orcish Mines
 23072 | Orc:2    | Entered Level 2 of the Orcish Mines
 23187 | Orc:2    | Noticed Rupert
 23306 | Orc:1    | Killed Rupert
 23357 | Orc:1    | HP: 6/181 [orc warrior/halberd[an orc knight] (14)]
 23359 | Orc:1    | Slain by an orc warrior

Vault maps used:
D:1:      lightli_arrival_lavapool, minmay_misc_feat_rugged, minmay_quantized
D:2:      first_bread, lemuel_flame_loot_1
D:3:      uniq_robin
D:4:      minmay_opposing_rooms
D:5:      serial_shops, nicolae_shop_temple_entry_statues_fountains,
          nicolae_shop_statue_plus, shop, kennysheep_mini
D:6:      basic_altar
D:7:      minmay_temple_entry_purple_smoke, serial_shops, shop
D:8:      vehumet_altar_wand_db, hangedman_little_slice_of_home
D:9:      minmay_lair_entry_grove, serial_shops, shop, uniq_joseph
D:10:     erik_orc_1
D:11:     serial_bayou_pond_d, uniq_sonja, uniq_psyche, uniq_snorg,
          uniq_josephine
D:12:     spider_trap
Lair:1:   special_room, infiniplex_staircase_pool, minmay_lair_oklob_chamber,
          uniq_erica, uniq_fannar, uniq_grum
Lair:2:   beast_lair_carwin_large_3, spider_nest_entry_a,
          portal_ice_cave_entry_imps, tgw_fedhas, uniq_harold
Lair:3:   minmay_shoals_entry_centaurs, minivault_11
Lair:4:   grunt_megastairs_2
Lair:5:   nicolae_slime_entry_slimehenge, serial_bayou_pond_c
Lair:6:   grunt_lair_end_beastmaster
Orc:2:    st_orc_rangers, uniq_rupert
IceCv:    ice_cave_small_giant

Skill      XL: |  1  2  3  4  5  6  7  8  9 10 11 12 13 14 |
---------------+-------------------------------------------+-----
Staves         | 3 4 5 6 7 |  7.5
Dodging        | 3 4 6 8 10 12 13 | 13.3
Armour         | 1 3 6 7 9 |  9.2
Fighting       | 3 4 6 7 9 10 12 13 14 | 14.4
Polearms       | 3 5 6 |  6.0
Evocations     | 2 6 9 |  9.0
Throwing       | |  1.7
Stealth        | |  0.4

Action                   |  1- 3 |  4- 6 |  7- 9 | 10-12 | 13-15 || total
-------------------------+-------+-------+-------+-------+-------++-------
Melee: Quarterstaff      |   127 |   255 |   345 |       |       ||   727
       Spear             |       |       |   133 |   884 |  1082 ||  2099
       Kick              |       |       |       |    49 |    43 ||    92
       Scimitar          |       |       |       |       |    23 ||    23
Throw: Throwing net      |       |     1 |     2 |     8 |     4 ||    15
       Javelin           |       |       |     4 |       |       ||     4
Invok: Stomp             |       |       |     1 |     1 |       ||     2
       Line Pass         |       |       |       |     1 |     2 ||     3
 Abil: Evoke Invisibilit |       |       |       |       |     1 ||     1
Evoke: Wand              |       |     1 |       |     3 |       ||     4
  Use: Scroll            |       |    14 |       |    16 |    13 ||    43
       Potion            |       |     3 |     2 |    10 |     5 ||    20
 Stab: Distracted        |       |     2 |     2 |     6 |    11 ||    21
       Paralysed         |       |       |     9 |    48 |    68 ||   125
       Held in net/web   |       |       |       |     1 |     2 ||     3
       Confused          |       |       |       |       |     1 ||     1
  Eat: Chunk             |     2 |     9 |    30 |    16 |    24 ||    81
       Fruit             |       |       |     1 |       |       ||     1
       Bread ration      |       |       |       |     1 |       ||     1
       Meat ration       |       |       |       |       |     1 ||     1
Armor: Leather armour    |    60 |    60 |    98 |       |       ||   218
       Skin              |       |    33 |       |       |     4 ||    37
       Plate armour      |       |       |    13 |   576 |   363 ||   952
       Chain mail        |       |       |       |       |    75 ||    75
Dodge: Dodged            |   113 |   173 |   247 |   528 |   597 ||  1658
Block: Other             |    14 |    54 |   161 |   411 |   396 ||  1036
       Rpst.: Scimitar   |       |       |       |       |     4 ||     4
